 Dungeon Sprint DCSS version 0.18.1-5-g4a78601 (webtiles) character file.

2649 Hipnos the Earth Mage (level 9, -2/45 HPs)
             Began as a Deep Elf Earth Elementalist on May 14, 2016.
             Was the Champion of Sif Muna.
             Slain by a centaur warrior (12 damage)
             ... in the Dungeon (Sprint I: "Red Sonja").
             The game lasted 00:12:59 (1474 turns).

Hipnos the Earth Mage (Deep Elf Earth Elementalist) Turns: 1474, Time: 00:13:00

Health: -2/45      AC:  4    Str:  5    XL:     9   Next: 36%
Magic:  1/28       EV: 15    Int: 24    God:    Sif Muna [******]
Gold:   462        SH:  3    Dex: 15    Spells: 6 memorised, 15 levels left

rFire  . . .     SeeInvis .     d - +0 dagger (distort)
rCold  . . .     Gourm    .     a - +0 robe
rNeg   . . .     Faith    .     s - +0 buckler
rPois  .         Spirit   .     (no helmet)
rElec  .         Dismiss  .     (no cloak)
rCorr  .         Reflect  .     t - +0 pair of gloves
SustAt .         Harm     .     r - +0 pair of boots
MR     .....     NoTele   +     (no amulet)
Stlth  ++........               (no ring)
                                (no ring)

@: not resistant to hostile enchantments, unstealthy
A: no striking features
a: Channel Energy, Forget Spell, Renounce Religion


You were in the Dungeon.
You worshipped Sif Muna.
Sif Muna was exalted by your worship.
You were not hungry.

You visited 1 branch You collected 624 gold pieces.
You spent 162 gold pieces at shops.

Inventory:

Hand Weapons
 d - a +0 dagger of distortion (weapon)
 m - a +0 scythe
Missiles
 b - 9 stones (quivered)
Armour
 a - a +0 robe (worn)
 n - a +0 robe
 r - a +0 pair of boots (worn)
 s - a +0 buckler (worn)
 t - a +0 pair of gloves (worn)
Wands
 k - a wand of flame (11/48)
Scrolls
 j - a scroll of blinking
 l - a scroll of enchant armour {unknown}
Potions
 e - 2 potions of curing
 f - a potion of heal wounds
 g - a potion of haste
 i - a potion of berserk rage
Books
 c - a book of Geomancy

   Spells                             Type                      Level
   a - Sandblast                      Earth                        1
   b - Passwall                       Transmutation/Earth          2
   c - Stone Arrow                    Conjuration/Earth            3
   d - Petrify                        Transmutation/Earth          4
   e - Lee's Rapid Deconstruction     Earth                        5
 h - Jydixal's Grimoire of Lethal Enchantment
   (Sif Muna gifted it to you in the Dungeon)

   Spells                             Type                      Level
   a - Magic Dart                     Conjuration                  1
   b - Throw Frost                    Conjuration/Ice              2
   c - Inner Flame                    Hexes/Fire                   3
   d - Tukima's Dance                 Hexes                        3
   e - Fulminant Prism                Conjuration/Hexes            4
   f - Glaciate                       Conjuration/Ice              9
 q - a book of Changes

   Spells                             Type                      Level
   a - Beastly Appendage              Transmutation                1
   b - Sticks to Snakes               Transmutation                2
   c - Spider Form                    Transmutation/Poison         3
   d - Ice Form                       Ice/Transmutation            4
   e - Blade Hands                    Transmutation                5


   Skills:
 + Level 0.2 Fighting
 + Level 7.1 Dodging
 - Level 2.4 Stealth
 + Level 0.2 Shields
 + Level 13.4 Spellcasting
 * Level 3.8 Conjurations
 * Level 4.4 Hexes
 - Level 4.0 Transmutations
 * Level 17.5 Earth Magic


You had 15 spell levels left.
You knew the following spells:

 Your Spells              Type           Power        Failure   Level  Hunger
a - Sandblast             Erth           ######       0%          1    None
b - Passwall              Trmt/Erth      ######....   1%          2    None
c - Stone Arrow           Conj/Erth      ######       1%          3    None
d - Petrify               Trmt/Erth      ######..     1%          4    None
e - Lee's Rapid Deconstr  Erth           #######...   1%          5    ###....
f - Fulminant Prism       Conj/Hex       #####.....   12%         4    None


Dungeon Overview and Level Annotations

Branches:
Dungeon (1/1)

Altars:
Cheibriados
Dithmenos
Elyvilon
Fedhas
Gozag
Kikubaaqudgha
Makhleb
Nemelex Xobeh
Okawaru
Pakellas
Qazlal
Ru
Sif Muna
Trog
Vehumet
Xom
Yredelemnul
Zin
The Shining One
Jiyva

Shops:
D %:[


Message History

Your Hexes skill gained 2 levels and is now at level 4!
You feel your intelligence returning.
Casting: Lee's Rapid Deconstruction
Confirm with . or Enter, or press ? or * to list all spells.
You don't have enough magic to cast that spell.
You closely miss the centaur warrior.
The centaur warrior is heavily wounded.
The centaur warrior hits you. The centaur warrior hits you!
* * * LOW HITPOINT WARNING * * *
Casting: Lee's Rapid Deconstruction
Confirm with . or Enter, or press ? or * to list all spells.
Aiming: Stone Arrow
Press: ? - help, Shift-Dir - straight line, f - centaur warrior
Aim: a centaur warrior (heavily wounded)
The stone arrow hits the centaur warrior.
The centaur warrior is severely wounded.
The centaur warrior hits you.
* * * LOW HITPOINT WARNING * * *
The centaur warrior hits you!
You die...

#####'#####'#__####...+
####..#...#.####§§#####
#__####..##.#≈≈§§c#
#_.___##'#..'≈§§§§+
#_.∩...'..._#§§≈.c
#_..._##_.#§##§###
#_____###)#(#.(..###
#########[####)###.##
.......'...'...c@'.∩#
++''####...##########
##.## #+#


You could see a centaur warrior.

Vanquished Creatures
  A centaur warrior (D)
  Sonja (D)
  A deep troll (D)
  A kobold demonologist (D)
  A slime creature (D)
  Sigmund (D)
  A yak (D)
  A giant eyeball (D)
  An ogre (D)
  A jelly (D)
  Ijyb (D)
11 creatures vanquished.

Vanquished Creatures (others)
  A gargoyle (D)
  3 fulminant prisms (D)
4 creatures vanquished.

Grand Total: 15 creatures vanquished

Notes
Turn   | Place    | Note
--------------------------------------------------------------
     0 | D        | Hipnos the Deep Elf Earth Elementalist began the quest for the Orb.
     0 | D        | Reached XP level 1. HP: 10/10 MP: 6/6
     2 | D        | Noticed Ijyb
    11 | D        | Killed Ijyb
    11 | D        | Reached skill level 6 in Earth Magic
    11 | D        | Reached XP level 2. HP: 15/15 MP: 0/9
    92 | D        | Learned a level 2 spell: Passwall
    93 | D        | Noticed an ogre
    98 | D        | Killed an ogre
    98 | D        | Reached skill level 5 in Spellcasting
    98 | D        | Reached skill level 9 in Earth Magic
    98 | D        | Reached XP level 3. HP: 19/19 MP: 7/12
    98 | D        | Reached XP level 4. HP: 24/24 MP: 7/13
   146 | D        | Learned a level 3 spell: Stone Arrow
   151 | D        | Learned a level 4 spell: Petrify
   160 | D        | Noticed Sigmund
   163 | D        | Killed Sigmund
   163 | D        | Reached skill level 5 in Dodging
   163 | D        | Reached skill level 11 in Earth Magic
   163 | D        | Reached XP level 5. HP: 28/28 MP: 11/16
   163 | D        | Reached XP level 6. HP: 32/32 MP: 12/18
   217 | D        | Learned a level 5 spell: Lee's Rapid Deconstruction
   228 | D        | Found a deep blue altar of Sif Muna.
   230 | D        | Found a radiant altar of Vehumet.
   239 | D        | Reached skill level 12 in Earth Magic
   259 | D        | Killed a gargoyle
   351 | D        | Became a worshipper of Sif Muna the Loreminder
   381 | D        | Found Pitec's Book Emporium.
   381 | D        | Found a white marble altar of Elyvilon.
   381 | D        | Found a stormy altar of Qazlal.
   381 | D        | Found a burning altar of Makhleb.
   381 | D        | Found a sacrificial altar of Ru.
   381 | D        | Found an oddly glowing altar of Pakellas.
   381 | D        | Found a basalt altar of Yredelemnul.
   381 | D        | Found a glowing golden altar of the Shining One.
   381 | D        | Found a sparkling altar of Nemelex Xobeh.
   381 | D        | Found a shimmering altar of Xom.
   381 | D        | Found an opulent altar of Gozag.
   381 | D        | Found an ancient bone altar of Kikubaaqudgha.
   381 | D        | Found a glowing silver altar of Zin.
   381 | D        | Noticed a yak
   395 | D        | Killed a yak
   395 | D        | Reached * piety under Sif Muna
   395 | D        | Reached skill level 13 in Earth Magic
   406 | D        | Found an iron altar of Okawaru.
   407 | D        | Found a bloodstained altar of Trog.
   569 | D        | Found a snail-covered altar of Cheibriados.
   569 | D        | Found a viscous altar of Jiyva.
   569 | D        | Found a shadowy altar of Dithmenos.
   569 | D        | Found a blossoming altar of Fedhas.
   569 | D        | Noticed a slime creature
   577 | D        | Killed a slime creature
   577 | D        | Reached ** piety under Sif Muna
   577 | D        | Reached skill level 14 in Earth Magic
   577 | D        | Reached XP level 7. HP: 36/36 MP: 1/21
   804 | D        | Noticed Sonja
   811 | D        | Killed Sonja
   811 | D        | Reached *** piety under Sif Muna
   811 | D        | Reached **** piety under Sif Muna
   811 | D        | Reached ***** piety under Sif Muna
   811 | D        | Reached skill level 15 in Earth Magic
   811 | D        | Reached XP level 8. HP: 41/41 MP: 3/25
   942 | D        | Noticed a deep troll
   960 | D        | Killed a deep troll
   960 | D        | Reached ****** piety under Sif Muna
   960 | D        | Received a gift from Sif Muna
   960 | D        | Reached skill level 16 in Earth Magic
   961 | D        | Identified Jydixal's Grimoire of Lethal Enchantment (Sif Muna gifted it to you in the Dungeon)
   971 | D        | Learned a level 4 spell: Fulminant Prism
  1192 | D        | Found Jasoggod's Armour Emporium.
  1200 | D        | Bought a +0 pair of boots for 54 gold pieces
  1200 | D        | Bought a +0 buckler for 54 gold pieces
  1200 | D        | Bought a +0 pair of gloves for 54 gold pieces
  1231 | D        | Found Socw's Food Boutique.
  1265 | D        | Noticed a kobold demonologist
  1272 | D        | Noticed a kobold demonologist
  1275 | D        | Noticed a smoke demon
  1290 | D        | Killed a kobold demonologist
  1290 | D        | Reached skill level 17 in Earth Magic
  1290 | D        | Reached XP level 9. HP: 40/45 MP: 3/27
  1433 | D        | Noticed a centaur warrior
  1434 | D        | Noticed a centaur warrior
  1470 | D        | Killed a centaur warrior
  1470 | D        | Received a gift from Sif Muna
  1474 | D        | Slain by a centaur warrior

Skill      XL: |  1  2  3  4  5  6  7  8  9 |
---------------+----------------------------+-----
Dodging        | 3 4 5 6 7 |  7.1
Spellcasting   | 4 5 7 9 11 12 13 | 13.4
Earth Magic    | 6 9 11 14 15 17 | 17.5
Transmutations | 2 3 4 |  4.0
Conjurations   | 2 3 |  3.8
Hexes          | 2 4 |  4.4
Fighting       | |  0.2
Stealth        | |  2.4
Shields        | |  0.2

Action                   |  1- 3 |  4- 6 |  7- 9 || total
-------------------------+-------+-------+-------++-------
Melee: Dagger            |       |       |    19 ||    19
 Cast: Sandblast         |     8 |     3 |       ||    11
       Lee's Rapid Decon |       |     7 |    12 ||    19
       Petrify           |       |     7 |     6 ||    13
       Stone Arrow       |       |       |     2 ||     2
       Fulminant Prism   |       |       |     3 ||     3
  Use: Potion            |       |     2 |     2 ||     4
       Scroll            |       |       |     2 ||     2
 Stab: Sleeping          |     1 |       |       ||     1
       Petrified         |       |       |     1 ||     1
  Eat: Chunk             |       |     1 |       ||     1
       Bread ration      |       |       |     1 ||     1
Armor: Robe              |     1 |       |     3 ||     4
       Skin              |       |       |    21 ||    21
Dodge: Dodged            |     6 |     3 |    12 ||    21
Block: Buckler           |       |       |     5 ||     5
